cohdb
Replays
Latest Replays
All Replays
Popular Replays
Top Player Replays
Match Explorer
How It Works
Community
CoH3 Stats
Reddit
Sign in to upload your games and track your stats! →
Sign in with Steam
Match 19801268
Unlisted
Match 19801268
Overview
Messages
Build Orders
End
Royal Engineer Section
Construct Section Command Post
Dingo Light Scout Car
Infantry Section
Infantry Section
Selects Air and Sea Battlegroup
Selects Commando Section Paradrop
Commando Section Paradrop
Construct Field Infirmary
Construct Platoon Command Post
Infantry Training
Construct Company Command Post
Selects Supply Surplus
Selects M1 Pack Howitzer Paradrop
Unlock M3 Grant Medium Tanks
Construct Resource Cache
Construct Resource Cache
M3 Grant Medium Tank
M3 Grant Medium Tank
Selects Anti-tank Rocket Loiter
Selects Centaur Medium Tank
秃鹫k
NO.2
MonoChrome
Big-BOOM777
0
0
Comments
sign in to comment!
No comments posted yet!